 Dungeon Crawl Stone Soup version 0.22-a0-307-g2b15929 (webtiles) character file.

120 Amnesiac the Gusty (level 5, 0/28 HPs)
             Began as a Tengu Air Elementalist on Apr 1, 2018.
             Slain by an orc
             ... wielding a +0 flail
              (6 damage)
             ... on level 3 of the Dungeon.
             The game lasted 00:03:17 (2088 turns).

Amnesiac the Gusty (Tengu Air Elementalist)         Turns: 2088, Time: 00:03:18

Health: 0/28       AC:  2    Str:  9    XL:     5   Next: 4%
Magic:  10/10      EV: 14    Int: 16    God:
Gold:   166        SH:  0    Dex: 14    Spells: 4/10 levels left

rFire    . . .     SeeInvis +   m - +2 dagger (venom)
rCold    . . .     Gourm    .   (no shield)
rNeg     . . .     Faith    .   i - +0 robe {MR+}
rPois    .         Spirit   .   (helmet restricted)
rElec    .         Reflect  .   (no cloak)
rCorr    .         Harm     .   (no gloves)
MR       +....                  (boots unavailable)
Stlth    ++........             (no amulet)
HPRegen  0.09/turn              d - +2 ring of evasion
MPRegen  0.12/turn              h - ring of see invisible

@: no status effects
A: beak, talons 3, able to fly 1
a: Fly


You were on level 3 of the Dungeon.
You were not hungry.

You visited 1 branch of the dungeon, and saw 3 of its levels.

You collected 166 gold pieces.

Inventory:

Hand Weapons
 m - a +2 dagger of venom (weapon)
Armour
 i - a +0 robe of magic resistance (worn)
Jewellery
 d - a +2 ring of evasion (left hand)
 h - a ring of see invisible (right hand)
Scrolls
 g - a scroll of amnesia {!r}
 l - 2 scrolls of magic mapping {!r, unknown}
Potions
 a - 2 potions of heal wounds {!q, unknown}
 f - 2 potions of brilliance {!q}
Comestibles
 c - 6 rations
 k - 7 chunks of flesh


   Skills:
 - Level 2.1 Dodging
 - Level 2.0 Stealth
 + Level 3.1 Spellcasting
   Level 1.3 Conjurations
 * Level 6.4 Air Magic


You had 4 spell levels left.
You knew the following spells:

 Your Spells              Type           Power        Failure   Level  Hunger
a - Airstrike             Air            ###.......   13%         4    #####..
z - Swiftness             Chrm/Air       ##......     8%          2    ##.....


Dungeon Overview and Level Annotations

Branches:
Dungeon (3/15)

Altars:
Hepliaklqana
Makhleb
Ru
Zin
The Shining One


Innate Abilities, Weirdness & Mutations

You have a beak for a mouth.
You have claws for feet.
You can fly.


Message History

You claw the hobgoblin.
The hobgoblin is moderately wounded.
You closely miss the hobgoblin.
The hobgoblin is moderately wounded.
The hobgoblin barely misses you.
A hobgoblin is nearby!
You hit the hobgoblin but do no damage. You claw the hobgoblin.
The hobgoblin is almost dead.
The hobgoblin barely misses you.
A hobgoblin is nearby!
You closely miss the hobgoblin.
The hobgoblin is almost dead.
The hobgoblin hits you with a club.
You hit the hobgoblin.
You kill the hobgoblin!
Things that are here:
a club; a hobgoblin corpse No target in view!
No target in view!
You butcher the hobgoblin corpse.
k - 8 chunks of flesh (gained 4)
You see here a club. x2
Found a robe.
No target in view!
Found a stone staircase leading down.
a - a fizzy white potion {!q} No target in view!
a - 2 fizzy white potions {!q} (gained 1)
You now have 166 gold pieces (gained 4).
Eating one of 8 chunks of flesh.
You eat one of the 8 chunks of flesh.
This raw flesh tastes terrible.
l - 2 scrolls labeled JEMOKHL ME TEN {!r} (gained 1)
An orc comes into view.
An orc comes into view. It is wielding a trident.
There are monsters nearby!
There are monsters nearby!
An orc comes into view. It is wielding a flail.
A bat comes into view.
A bat comes into view.
The helpless orc fails to defend itself.
You puncture the orc!
You kill the orc!
The orc shouts!
Things that are here:
a leather armour; an orc corpse The bat hits you but does no damage.
You barely miss the orc. You claw the orc. You peck the orc.
The orc is almost dead.
The bat closely misses you. The orc hits you with a flail!
The orc hits you from afar with a trident!
* * * LOW HITPOINT WARNING * * *
You hit the orc but do no damage.
The orc is almost dead.
The bat hits you.
* * * LOW HITPOINT WARNING * * *
The bat misses you. The bat closely misses you. The orc completely misses you.
The orc barely misses you.
You hit the bat.
You kill the bat!
The bat hits you but does no damage.
The orc hits you from afar with a trident.
* * * LOW HITPOINT WARNING * * *
The orc hits you with a flail.
You die...

##.## #####...##
#....#.#.#
######### #
#.#....#.#
..........#
#....###.#
#...#...#.
##.##...##
.......b.
#.######
#...#oo.## #.#
.......@[#####.#
#########......#
#b...#######
.....#. ..#b #.
.. .. .. .. #
###


You could see 2 orcs and a bat.

Vanquished Creatures
  A worker ant (D:2)
  Robin (D:2)
  A gnoll (D:1)
  2 adders (D:2)
  An ooze (D:2)
  An adder zombie (D:3)
  A dart slug (D:1)
  3 leopard geckos
  An orc (D:3)
  A ball python (D:2)
  2 giant cockroaches
  10 hobgoblins
  2 kobolds (D:2)
  7 bats
  2 frilled lizards
  7 goblins
  5 rats
48 creatures vanquished.

Notes
Turn   | Place    | Note
-------+----------+-------------------------------------------
     0 | D:1      | Amnesiac the Tengu Air Elementalist began the quest for the Orb.
     0 | D:1      | Reached XP level 1. HP: 10/10 MP: 4/4
   119 | D:1      | Reached XP level 2. HP: 15/15 MP: 0/6
   196 | D:1      | Learned a level 2 spell: Swiftness
   578 | D:1      | Reached skill level 5 in Air Magic
   830 | D:2      | Reached XP level 3. HP: 19/19 MP: 7/7
   886 | D:2      | Found a burning altar of Makhleb.
   890 | D:2      | Found a glowing silver altar of Zin.
   891 | D:2      | Noticed a green death
   891 | D:2      | Noticed an angel
  1145 | D:2      | Reached XP level 4. HP: 19/24 MP: 4/9
  1151 | D:2      | Learned a level 4 spell: Airstrike
  1422 | D:2      | Found a hazy altar of Hepliaklqana.
  1494 | D:2      | Found a sacrificial altar of Ru.
  1563 | D:2      | Noticed Robin
  1567 | D:2      | Reached skill level 6 in Air Magic
  1579 | D:2      | Killed Robin
  1703 | D:2      | Found a glowing golden altar of the Shining One.
  1923 | D:3      | Gained mutation: You can fly. [Tengu growth]
  1923 | D:3      | Reached XP level 5. HP: 26/28 MP: 5/10
  2088 | D:3      | Slain by an orc

Vault maps used:
D:1:      dpeg_arrival_short_road, supply_closet_lemuel,
          hangedman_decor_slide_cut
D:2:      grunt_temple_overflow_order_and_chaos_2,
          nicolae_tso_swordbearing_angel, lemuel_crystal_altar,
          minmay_misc_feat_tower, nicolae_ru_the_path_less_chosen, uniq_robin
D:3:      lemuel_coloured_pillars_altar

Skill      XL: |  1  2  3  4 |
---------------+-------------+-----
Air Magic      | 5 6 |  6.4
Spellcasting   | 3 |  3.1
Dodging        | |  2.1
Stealth        | |  2.0
Conjurations   | |  1.3

Action                   |  1- 3 |  4- 6 || total
-------------------------+-------+-------++-------
Melee: Dagger            |     2 |    20 ||    22
       Kick              |     1 |     8 ||     9
       Spear             |       |     6 ||     6
       Peck              |       |     2 ||     2
 Cast: Shock             |    44 |    36 ||    80
       Airstrike         |       |     2 ||     2
  Use: Scroll            |     3 |     2 ||     5
 Stab: Sleeping          |     1 |     1 ||     2
  Eat: Chunk             |     1 |     4 ||     5
Armor: Robe              |     3 |     4 ||     7
Dodge: Dodged            |    12 |    21 ||    33

Table legend:
 A = Spawn XP
 B = Non-spawn XP
 C = Spawn XP percentage of total XP
 D = Spawn monster count
 E = Non-spawn monster count
 F = Spawn count percentage of total count
 G = Total turns spent on level
                    A         B        C        D         E        F      G
               +---------+---------+-------+---------+---------+-------+---------
         Total |       0 |     172 |   0.0 |       0 |      48 |   0.0 |  2088
               +---------+---------+-------+---------+---------+-------+---------
           D:1 |       0 |      32 |   0.0 |       0 |      12 |   0.0 |   872
           D:2 |       0 |     117 |   0.0 |       0 |      26 |   0.0 |   991
           D:3 |       0 |      23 |   0.0 |       0 |      10 |   0.0 |   225
               +---------+---------+-------+---------+---------+-------+---------
